 Dungeon Crawl Stone Soup version 0.27-a0-1071-ga85bd9520d (webtiles) character file.

Game seed: 14386311356132996677

4 benadryl the Grave Robber (level 1, -1/18 HPs)
             Began as a Naga Wanderer on Apr 24, 2021.
             Slain by an endoplasm (2 damage)
             ... on level 1 of the Dungeon.
             The game lasted 00:00:54 (321 turns).

benadryl the Grave Robber (Naga Wanderer)            Turns: 321, Time: 00:00:54

Health: -1/18      AC:  1    Str: 12    XL:     1   Next: 60%
Magic:  3/3        EV:  9    Int: 14    God:
Gold:   11         SH:  0    Dex: 10    Spells: 4/4 levels left

rFire    . . .     SeeInvis +   a - +0 club
rCold    . . .     Faith    .   (no shield)
rNeg     . . .     Spirit   .   d - +0 robe
rPois    +         Reflect  .   (no helmet)
rElec    .         Harm     .   (no cloak)
rCorr    .         Rampage  .   (no gloves)
Will     .....                  (no barding)
Stlth    ++........             (no amulet)
HPRegen  0.06/turn              (no ring)
MPRegen  0.08/turn              (no ring)

@: short of breath, very slow
A: AC +0, large, see invisible, deformed body, poison resistance, slowness 2,
spit poison 1, naga tail 1
a: Spit Poison


You were on level 1 of the Dungeon.
You visited 1 branch of the dungeon, and saw 1 of its levels.

You collected 11 gold pieces.

Inventory:

Hand Weapons
 a - a +0 club (weapon)
Armour
 d - a +0 robe (worn)
Wands
 e - a wand of flame (11)
Scrolls
 c - a scroll of teleportation
Potions
 b - a potion of curing {@q1}


   Skills:
 + Level 1.6 Fighting
 - Level 1.0 Dodging
 - Level 1.5 Stealth
 - Level 1.0 Unarmed Combat
 - Level 2.0 Spellcasting
 - Level 2.0 Necromancy
 - Level 1.0 Ice Magic
 - Level 1.0 Evocations


You had 4 spell levels left.
You didn't know any spells.
Your spell library was empty.

Dungeon Overview and Level Annotations

Branches:
Dungeon (1/15)

Altars:


Innate Abilities, Weirdness & Mutations

Your serpentine skin is tough. (AC +0)
You have supernaturally acute eyesight. (SInv)
Armour fits poorly on your strangely shaped body.
Your system is resistant to poisons. (rPois)
You cover ground very slowly.
You can spit poison.
You have a snake-like lower body.


Message History

The endoplasm quivers.
You hit the frilled lizard.
You kill the frilled lizard!
The ball python barely misses you.
Abil: Spit Poison
Press: ? - help, Q - select action, (/) - cycle Shift-Dir - straight line, f - ball python
Aim: a ball python The splash of poison misses the ball python.
The splash of poison hits the endoplasm.
The endoplasm is heavily wounded.
The ball python bites you but does no damage.
You hit the ball python.
The ball python is severely wounded.
The ball python bites you but does no damage.
You hit the ball python.
You kill the ball python!
You hit the endoplasm.
The endoplasm is severely wounded.
The endoplasm freezes you.
You are frozen.
You hit the endoplasm but do no damage.
The endoplasm is severely wounded.
You have got your breath back.
The endoplasm freezes you.
You are frozen.
The endoplasm freezes you.
You are frozen.
* * * LOW HITPOINT WARNING * * *
You barely miss the endoplasm.
The endoplasm is severely wounded.
The endoplasm freezes you.
You are frozen.
* * * LOW HITPOINT WARNING * * *
Abil: Spit Poison
Press: ? - help, Q - select action, (/) - cycle Shift-Dir - straight line, f - endoplasm
Aim: an endoplasm (severely wounded)
The splash of poison hits the endoplasm.
The endoplasm is almost dead.
The endoplasm hits you.
You die...

#.########.#
#.# #.# #..#
#.# #.# ##.#
#.# #.# ..
#.# #.#
#.##.# ##.#
.##.# #..#
..#.# ...#
#.# #.## #@#
### #J# )..
.....
...>...
........#
.........#
#.........#


You could see an endoplasm.

Vanquished Creatures
  A ball python (D:1)
  A goblin (D:1)
  A frilled lizard (D:1)
  A kobold (D:1)
4 creatures vanquished.

Notes
Turn   | Place    | Note
-------+----------+-------------------------------------------
     0 | D:1      | benadryl the Naga Wanderer began the quest for the Orb.
     0 | D:1      | benadryl set off with the following items: a +0 club, a
                  | potion of curing {@q1}, a scroll of teleportation, a +0
                  | robe, a wand of flame (15)
     0 | D:1      | Reached XP level 1. HP: 18/18 MP: 3/3
   321 | D:1      | Slain by an endoplasm

Illustrated notes

Levels and vault maps discovered:
D:1:      dpeg_arrival_arbitrary_b, layout_basic, minmay_octomino_j4

Action                   || total
-------------------------++-------
Melee: Club              ||    18
 Abil: Spit Poison       ||     5
Evoke: Wand              ||     4
Armor: Robe              ||     4
Dodge: Dodged            ||    10

Table legend: (Time is in decaauts)
 A = Elapsed time spent in this place.
 B = Non-inter-level travel time spent in this place.
 C = Inter-level travel time spent in this place.
 D = Time resting spent in this place.
 E = Time spent auto-exploring this place.
 F = Levels seen in this place.
 G = Mean time per level.
                   A        B        C        D        E       F      G
               +--------+--------+--------+--------+--------+-----+--------+
         Total |    348 |    348 |      0 |    237 |     69 |   1 |  348.0 |
       Dungeon |    348 |    348 |      0 |    237 |     69 |   1 |  348.0 |
               +--------+--------+--------+--------+--------+-----+--------+

Top non-repeatable levels by time:
     D:1: 348 daAuts
